 Dungeon Crawl Stone Soup version 0.28.0-43-g3370ac3207 (webtiles) character file.

Game seed: 4119688164948024121

187 pkoi the Chiller (level 5, -1/46 HPs)
             Began as an Octopode Ice Elementalist on Mar 17, 2022.
             Slain by Duvessa
             ... wielding a +0 short sword
              (7 damage)
             ... on level 4 of the Dungeon.
             The game lasted 00:05:20 (3505 turns).

pkoi the Chiller (Octopode Ice Elementalist)        Turns: 3505, Time: 00:05:21

Health: -1/46      AC: 22    Str: 16    XL:     5   Next: 66%
Magic:  3/8        EV:  2    Int: 19    God:
Gold:   160        SH:  0    Dex: 16    Spells: 4/8 levels left

rFire   . . .      SeeInvis .   k - +6 demon trident "Gujaurgha" {freeze, rPois rN+ Str+3 Dex+3}
rCold   . . .      Faith    .   (no shield)
rNeg    + . .      Spirit   .   (helmet currently unavailable)
rPois   +          Reflect  .   d - amulet of the acrobat
rElec   .          Harm     .   e - +6 ring of strength
rCorr   .          Rampage  .   (no ring)
Will    .....      NoTele   +   (no ring)
Stlth   ++........              (no ring)
HPRegen 0.15/turn               (no ring)
MPRegen 0.11/turn               (no ring)
                                (no ring)
                                (no ring)

@: tree-form, freezing walls
A: stationary, stasis, torment immunity, boosted hp, almost no armour,
(amphibious), 8 rings, (camouflage 1), (gelatinous body 1), (nimble swimmer 1),
(tentacles)
a: no special abilities


You were on level 4 of the Dungeon.
You were a tree.
You visited 1 branch of the dungeon, and saw 4 of its levels.

You collected 160 gold pieces.

Inventory:

Hand Weapons
 a - a +0 spear
 f - a +0 whip
 g - a +1 dagger of venom
 k - the +6 demon trident "Gujaurgha" (weapon) {freeze, rPois rN+ Str+3 Dex+3}
   (You acquired it on level 4 of the Dungeon)

   It freezes those it strikes, dealing additional cold damage.
   It can also slow down cold-blooded creatures.
   Str:       It affects your strength (+3).
   Dex:       It affects your dexterity (+3).
   rPois:     It protects you from poison.
   rN:        It protects you from negative energy.
Missiles
 h - 3 javelins
 l - 5 silver javelins
Jewellery
 d - an amulet of the acrobat (around neck)
 e - a +6 ring of strength (left branch)
Scrolls
 j - a scroll of amnesia
 m - a scroll of noise {unknown}
 n - a scroll of identify
 o - a scroll of immolation {unknown}
 p - a scroll of teleportation {unknown}
Potions
 b - a potion of attraction
 i - a potion of might


   Skills:
 + Level 1.8 Polearms
 - Level 2.0 Dodging
 - Level 2.6 Stealth
 - Level 2.0 Spellcasting
 + Level 6.3 Ice Magic


You had 4 spell levels left.
You knew the following spells:

 Your Spells              Type           Power      Damage    Failure   Level
a - Freeze                Ice            100%       1d11      1%          1
b - Frozen Ramparts       Ice            52%        1d7       3%          3

Your spell library contained the following spells:

 Spells                   Type           Power      Damage    Failure   Level
 Ozocubu's Armour         Ice            26%        N/A       3%          3
 Slow                     Hex            4%         N/A       17%         1
 Sublimation of Blood     Necr           1%         N/A       26%         2
 Wereblood                Tmut           1%         N/A       26%         2
 Hailstorm                Conj/Ice       14%        3d5       41%         4
 Confusing Touch          Hex            1%         N/A       45%         3
 Vampiric Draining        Necr           1%         2d6       45%         3
 Summon Hydra             Summ           0%         N/A       100%        7


Dungeon Overview and Level Annotations

Branches:
Dungeon (4/15)
 Temple: D:4-7

Altars:
Cheibriados
The Shining One

Shops:
D:1 =

Annotations:
D:2 Sigmund
D:4 Duvessa


Innate Abilities, Weirdness & Mutations

You are a tree.
Your roots penetrate the ground, keeping you stationary.
You cannot be teleported.
You are immune to unholy pain and torment.
Your maximum health is greatly increased.
You cannot wear most types of armour.
((You are amphibious.))
You can wear up to eight rings at the same time.
((Your skin changes colour to match your surroundings (Stealth+).))
((Your rubbery body absorbs attacks. (AC +1, EV +1)))
((You are camouflaged when in or above water. (Stealth+)))
((You have tentacles for arms and can constrict up to eight enemies at once.))


Message History

Duvessa is lightly wounded.
Duvessa resists.
The wall freezes Duvessa.
Duvessa hits you but does no damage.
Duvessa resists.
The wall freezes Duvessa.
Duvessa hits you but does no damage.
You puncture Duvessa! You freeze Duvessa.
Duvessa is moderately wounded.
Duvessa resists.
The wall freezes Duvessa.
Duvessa hits you but does no damage.
Duvessa resists.
The wall freezes Duvessa.
Duvessa hits you but does no damage.
You hit Duvessa.
Duvessa is heavily wounded.
Duvessa resists.
The wall freezes Duvessa.
Duvessa hits you with a +0 short sword.
* * * LOW HITPOINT WARNING * * *
Duvessa resists.
The wall freezes Duvessa.
Duvessa barely misses you.
You hit Duvessa. You freeze Duvessa.
Duvessa is heavily wounded.
Duvessa resists.
The wall freezes Duvessa.
Duvessa hits you with a +0 short sword.
* * * LOW HITPOINT WARNING * * *
Duvessa completely resists.
The wall freezes Duvessa but does no damage.
Duvessa hits you but does no damage.
You puncture Duvessa! You freeze Duvessa.
Duvessa is severely wounded.
Duvessa resists.
The wall freezes Duvessa.
Duvessa hits you but does no damage.
You hit Duvessa. You freeze Duvessa.
Duvessa is almost dead.
The frozen ramparts melt away.
Duvessa hits you with a +0 short sword.
* * * LOW HITPOINT WARNING * * *
Duvessa hits you with a +0 short sword!
* * * LOW HITPOINT WARNING * * *
Unknown command.
Casting: Frozen Ramparts (dangerous; 3% risk of failure)
Confirm with . or Enter, or press ? or * to list all spells.
Casting: Frozen Ramparts (dangerous; 3% risk of failure)
Press: ? - help, Dir - look around, f - activate An open door.
The walls around you are covered in ice.
Duvessa resists.
The wall freezes Duvessa.
Duvessa hits you with a +0 short sword!
You die...

####### .......
.........###
.........#<#
.........#.#
.........#.#
.........#.######
.........♣....).#
........e######.#
................#
..........#######
............#
####.##...#.# .$.
#...#.# #...
#...#.# .##
#...#.#


You could see Duvessa (berserk).

Vanquished Creatures
  Dowan (D:4)
  A jelly (D:4)
  Robin (D:2)
  A gnoll (D:1)
  2 worms (D:2)
  2 orcs
  7 ball pythons
  7 bats
  An endoplasm (D:1)
  2 giant cockroaches
  12 goblins
  11 hobgoblins
  7 jackals
  8 kobolds
  2 quokkas
  3 frilled lizards
  4 rats
72 creatures vanquished.

Notes
Turn   | Place    | Note
-------+----------+-------------------------------------------
     0 | D:1      | pkoi the Octopode Ice Elementalist began the quest for the
                  | Orb.
     0 | D:1      | Reached XP level 1. HP: 11/11 MP: 3/3
   302 | D:1      | Found a faded altar of an unknown god.
   313 | D:1      | Reached XP level 2. HP: 16/17 MP: 1/5
   955 | D:1      | Found Fudodir's Jewellery Boutique.
  1114 | D:1      | Reached XP level 3. HP: 15/21 MP: 3/6
  1120 | D:1      | Reached skill level 5 in Ice Magic
  1645 | D:2      | Learned a level 3 spell: Frozen Ramparts
  1711 | D:2      | Noticed Robin
  1830 | D:2      | Noticed Sigmund
  1838 | D:2      | Reached XP level 4. HP: 15/27 MP: 1/7
  1839 | D:2      | Killed Robin
  1842 | D:2      | HP: 1/27 [something/magic dart (6)]
  1862 | D:2      | Found a glowing golden altar of the Shining One.
  2912 | D:3      | Found a snail-covered altar of Cheibriados.
  3370 | D:4      | Identified a scroll of acquirement
  3372 | D:4      | Acquired the +6 demon trident "Gujaurgha" {freeze, rPois
                  | rN+ Str+3 Dex+3}
  3379 | D:4      | Noticed Duvessa
  3380 | D:4      | Noticed Dowan
  3388 | D:4      | Reached skill level 1 in Polearms
  3388 | D:4      | Reached skill level 6 in Ice Magic
  3388 | D:4      | Reached XP level 5. HP: 30/31 MP: 4/8
  3458 | D:4      | Killed Dowan
  3505 | D:4      | Slain by Duvessa

Illustrated notes

Levels and vault maps discovered:
D:1:      dpeg_arrival_lava_temple_mockup, layout_basic, serial_shops, shop,
          basic_ecumenical_altar
D:2:      minmay_spotlight, layout_basic, basic_altar, minmay_circled_x,
          uniq_sigmund, uniq_robin
D:3:      layout_loops_cross, cheibriados_altar_1, serial_bayou_crossing
D:4:      nicolae_cairo_tiling, layout_basic, feat_on_display, uniq_duvessa

Skill      XL: |  1  2  3  4 |
---------------+-------------+-----
Ice Magic      | 5 6 |  6.3
Polearms       | 1 |  1.8
Dodging        | |  2.0
Stealth        | |  2.6
Spellcasting   | |  2.0

Action                   |  1- 3 |  4- 6 || total
-------------------------+-------+-------++-------
Melee: Spear             |    32 |       ||    32
       Constrict         |     8 |    11 ||    19
       Tentacles         |     5 |    11 ||    16
       Dagger            |     4 |    33 ||    37
       Whip              |     1 |       ||     1
       Demon trident     |       |    15 ||    15
 Cast: Freeze            |    42 |     2 ||    44
       Frozen Ramparts   |     1 |     5 ||     6
  Use: Scroll            |       |     7 ||     7
       Potion            |       |     1 ||     1
 Stab: Sleeping          |     4 |     6 ||    10
Armor: Skin              |     6 |     9 ||    15
Dodge: Dodged            |    39 |    19 ||    58
